 Dungeon Crawl Stone Soup version 0.26.0-10-g1f06aea511 (webtiles) character file.

Game seed: 2463028227016826183

3420 BOMJPIETVODKU the Carver (level 10, -3/84 HPs)
             Began as a Hill Orc Fighter on Jan 14, 2021.
             Was an Initiate of Gozag.
             Slain by a white ugly thing (27 damage)
             ... on level 9 of the Dungeon.
             The game lasted 00:55:43 (8946 turns).

BOMJPIETVODKU the Carver (Hill Orc Fighter)         Turns: 8946, Time: 00:55:44

Health: -3/84      AC: 15    Str: 23    XL:     10   Next: 5%
Magic:  10/10      EV:  4    Int:  8    God:    Gozag
Gold:   938        SH: 11    Dex: 19    Spells: 9/9 levels left

rFire    . . .     SeeInvis .   a - +1 long sword
rCold    . . .     Faith    .   c - +0 kite shield
rNeg     . . .     Spirit   .   p - +0 plate armour
rPois    .         Reflect  .   (no helmet)
rElec    .         Harm     .   d - +0 cloak
rCorr    .         Rampage  .   E - +1 pair of gloves
Will     ++...                  (no boots)
Stlth    ..........             B - amulet of regeneration
HPRegen  0.64/turn              y - +6 ring of dexterity
MPRegen  0.12/turn              b - ring "Fimissog" {Will++ Dex+3 Stlth+}

@: gold aura
A: no striking features
a: Renounce Religion, Potion Petition, Call Merchant, Bribe Branch


You were on level 9 of the Dungeon.
You worshipped Gozag.
Gozag was pleased with you.
You visited 1 branch of the dungeon, and saw 9 of its levels.
You also visited: Ossuary.

You collected 1356 gold pieces.
You spent 325 gold pieces at shops.
You paid 93 gold pieces to Gozag.

Inventory:

Hand Weapons
 a - a +1 long sword (weapon)
 r - a +0 great sword
Missiles
 e - 27 poisoned darts (quivered)
 f - 264 stones
 q - 3 javelins
 t - 7 boomerangs
Armour
 c - a +0 kite shield (worn)
 d - a +0 cloak (worn)
 p - a +0 plate armour (worn)
 E - a +1 pair of gloves (worn)
Jewellery
 b - the ring "Fimissog" (right hand) {Will++ Dex+3 Stlth+}
   (You found it on level 5 of the Dungeon)

   [ring of stealth]

   It affects your dexterity (+3).
   It affects your willpower, your defense against some magical effects.
   It makes you more stealthy.
 m - an uncursed ring of fire
 y - a +6 ring of dexterity (left hand)
 z - an uncursed ring of willpower
 B - an amulet of regeneration (around neck)
 M - an uncursed amulet of guardian spirit
Wands
 h - a wand of enslavement (13)
 k - a wand of digging (7)
 o - a wand of random effects (24)
 C - a wand of iceblast (8)
 L - a wand of flame (6)
Scrolls
 j - 2 scrolls of teleportation
 l - 4 scrolls of fog
 n - a scroll of identify
 s - 3 scrolls of remove curse
 v - 3 scrolls of enchant armour
 w - a scroll of enchant weapon
 A - a scroll of torment
 J - a scroll of silence
Potions
 g - a potion of degeneration
 i - a potion of invisibility
 u - 2 potions of curing
 x - 4 potions of flight
 D - 2 potions of lignification
 G - a potion of might
 H - 2 potions of cancellation {unknown}
 I - a potion of attraction {unknown}
 K - a potion of magic {unknown}
 N - a potion of haste {unknown}


   Skills:
 + Level 6.8 Fighting
 * Level 11.6 Long Blades
 * Level 5.5 Throwing
 + Level 4.6 Armour
 - Level 0.1 Dodging
 + Level 0.2 Stealth
 + Level 4.6 Shields


You had 9 spell levels left.
You didn't know any spells.
Your spell library contained the following spells:

 Spells                   Type           Power        Failure   Level
 Beastly Appendage        Tmut           0%           100%        1
 Wereblood                Tmut           0%           100%        2
 Spider Form              Tmut/Pois      0%           100%        3
 Ice Form                 Ice/Tmut       0%           100%        4
 Blade Hands              Tmut           0%           100%        5


Dungeon Overview and Level Annotations

Branches:
Dungeon (9/15)             Temple (0/1) D:5         Ossuary (visited)
   Lair: D:8-11         Orc: D:9-12

Altars:
Dithmenos
Gozag
Sif Muna
Uskayaw
Vehumet
Xom
Yredelemnul

Shops:
D:5 *   D:6 }   D:7 [


Message History

You slash the white ugly thing!
The white ugly thing is moderately wounded.
The white ugly thing headbutts you but does no damage.
You feel much better.
The white ugly thing headbutts you but does no damage.
Okay, then.
Okay, then.
You hit the white ugly thing.
The white ugly thing is moderately wounded.
You block the white ugly thing's attack.
You hit the white ugly thing.
The white ugly thing is heavily wounded.
The white ugly thing headbutts you! The white ugly thing freezes you!!
You slash the white ugly thing!
The white ugly thing is heavily wounded.
The white ugly thing headbutts you!
* * * LOW HITPOINT WARNING * * *
The white ugly thing freezes you!!
You die...
Your body crumbles into a pile of gold.

### .##. ..# # #.#..
#...## ##...
..#.##.#...##########
#.#..#..#.............
#..u#..#.............
##.#@##..............
#.##.##..[.>.........
..##.###..............
$
.#.#...##..............
# .
##.###.............. #
##.##..............
#.##).............
#...#..#.............
#.#..#..#.............


You could see a white ugly thing.

Vanquished Creatures
  A two-headed ogre (D:8)
  Prince Ribbit (D:6)
  Sigmund (D:5)
  The ghost of Tagedieb the Sneak, an amateur OpBr (D:3)
  2 phantoms
  A hornet zombie (D:6)
  An ogre (D:5)
  A centaur (D:5)
  4 bullfrogs
  A gnoll sergeant (D:2)
  2 scorpions
  3 killer bees (D:7)
  4 howler monkeys
  4 jellies
  A bullfrog zombie (D:7)
  4 hounds
  3 iguanas
  4 orc wizards
  Ijyb (D:5)
  8 worker ants
  2 hound zombies
  A hound skeleton (D:6)
  13 mummies (Ossuary)
  7 gnolls
  9 adders
  A howler monkey skeleton (D:6)
  3 white imps
  An ufetubus (D:8)
  An adder zombie (D:7)
  An adder skeleton (D:9)
  A worm (D:2)
  2 dart slugs
  4 leopard geckos
  15 orcs
  4 giant cockroaches
  6 goblins
  6 hobgoblins
  7 jackals
  2 quokkas (D:5)
  A ball python (D:2)
  8 bats
  7 frilled lizards
  2 gnoll skeletons (Ossuary)
  2 goblin skeletons (Ossuary)
  A jackal zombie (D:5)
  5 kobolds
  A leopard gecko skeleton (D:4)
  4 orc skeletons (Ossuary)
  A quokka skeleton (D:4)
  2 quokka zombies (D:8)
  5 rats
  11 rat skeletons (Ossuary)
184 creatures vanquished.

Notes
Turn   | Place    | Note
-------+----------+-------------------------------------------
     0 | D:1      | BOMJPIETVODKU the Hill Orc Fighter began the quest for the
                  | Orb.
     0 | D:1      | Reached XP level 1. HP: 19/19 MP: 1/1
   231 | D:1      | Reached skill level 1 in Throwing
   231 | D:1      | Reached XP level 2. HP: 23/27 MP: 2/2
  1030 | D:2      | Reached XP level 3. HP: 25/33 MP: 3/3
  1416 | D:2      | Reached skill level 3 in Long Blades
  1517 | D:2      | Reached XP level 4. HP: 40/40 MP: 4/4
  1558 | D:3      | Noticed a gnoll sergeant
  1672 | D:2      | Killed a gnoll sergeant
  1673 | D:2      | Reached skill level 4 in Long Blades
  1673 | D:2      | Reached XP level 5. HP: 4/47 MP: 5/5
  2470 | D:3      | Found a runed translucent gate.
  2470 | D:3      | Found a runed translucent gate.
  2484 | D:3      | Found a runed translucent gate.
  2484 | D:3      | Found an opulent altar of Gozag.
  2487 | D:3      | Noticed Tagedieb's ghost (amateur OpBr)
  2555 | D:2      | Reached skill level 5 in Long Blades
  2829 | D:3      | Killed Tagedieb's ghost
  2830 | D:3      | Reached skill level 6 in Long Blades
  2830 | D:3      | Reached XP level 6. HP: 45/53 MP: 6/6
  3007 | D:3      | Found a faded altar of an unknown god.
  3061 | D:3      | Became a worshipper of Gozag Ym Sagoz the Greedy
  3080 | D:3      | Noticed a phantom
  3142 | D:3      | Killed a phantom
  3143 | D:3      | Reached XP level 7. HP: 49/60 MP: 7/7
  3336 | D:3      | Found a shimmering altar of Xom.
  3343 | D:3      | Reached skill level 5 in Fighting
  3839 | D:3      | Reached skill level 7 in Long Blades
  4775 | D:5      | Entered Level 5 of the Dungeon
  4967 | D:5      | Noticed Sigmund
  5004 | D:5      | Killed Sigmund
  5005 | D:5      | Reached skill level 8 in Long Blades
  5005 | D:5      | Reached XP level 8. HP: 42/68 MP: 8/8
  5137 | D:5      | Found Geeh's Assorted Antiques.
  5160 | D:5      | Bought a coral ring for 125 gold pieces
  5160 | D:5      | Bought a runed scale mail for 175 gold pieces
  5160 | D:5      | Bought a scroll labelled TEJUFI MIEGAFI for 25 gold pieces
  5380 | D:5      | Reached skill level 9 in Long Blades
  5650 | D:5      | Noticed Ijyb
  5661 | D:5      | Killed Ijyb
  5747 | D:5      | Found a staircase to the Ecumenical Temple.
  5773 | D:5      | Got a flickering golden ring
  5775 | D:5      | Identified the ring "Fimissog" {Will++ Dex+3 Stlth+} (You
                  | found it on level 5 of the Dungeon)
  5980 | D:6      | Noticed Prince Ribbit
  6027 | D:6      | Killed Prince Ribbit
  6121 | D:6      | Reached XP level 9. HP: 60/75 MP: 9/9
  6177 | D:6      | Reached skill level 10 in Long Blades
  6234 | D:6      | Found a basalt altar of Yredelemnul.
  6234 | D:6      | Found a shimmering altar of Xom.
  6239 | D:6      | Found a shadowy altar of Dithmenos.
  6344 | D:6      | Found a radiant altar of Vehumet.
  6396 | D:6      | Found a hide-covered altar of Uskayaw.
  6397 | D:6      | Found a shimmering blue altar of Sif Muna.
  6465 | D:6      | Found Itaq's Gadget Emporium.
  6969 | D:7      | Found Adwyil's Antique Armour Emporium.
  7498 | D:8      | Found a sand-covered staircase.
  7528 | Ossuary  | Entered an ossuary
  8150 | D:8      | Reached skill level 5 in Throwing
  8575 | D:8      | Reached skill level 11 in Long Blades
  8760 | D:8      | Noticed a two-headed ogre
  8802 | D:8      | Killed a two-headed ogre
  8803 | D:8      | Reached XP level 10. HP: 81/84 MP: 10/10
  8930 | D:9      | Noticed a white ugly thing
  8946 | D:9      | Slain by a white ugly thing

Illustrated notes

Levels and vault maps discovered:
D:1:      amcnicky_arrival_underground_garden, layout_loops_ring, serial_rivers,
          chequers_serial_rivers_room_b, chequers_serial_rivers_room_a,
          chequers_serial_rivers_large_b, chequers_serial_rivers_small_3
D:2:      layout_rooms, minmay_misc_feat_ornament, minmay_pentomino_t2
D:3:      layout_loops_corners, ebering_ghost_gozag,
          chequers_ecumenical_altar_simple, grunt_ministairs_2, tgw_xom
D:4:      layout_rooms
D:5:      layout_cave_pods, minmay_temple_entry_tees, serial_shops, shop,
          uniq_sigmund, uniq_ijyb
D:6:      layout_basic, chequers_temple_overflow_minitemple,
          lemuel_doored_altar, serial_shops, shop, uniq_prince_ribbit1
D:7:      layout_cave_pods, serial_shops, nicolae_shop_waterfront,
          minmay_crystal_room, dk_vineyard_3, grunt_ministairs_13, st_stairs_4,
          uniq_harold
D:8:      layout_basic, enter_ossuary_4
D:9:      minmay_ornate_pinched, layout_grid_maze, erik_orc_1, enter_bailey_3,
          gammafunk_ghost_necromancy

Skill      XL: |  1  2  3  4  5  6  7  8  9 |
---------------+----------------------------+-----
Throwing       | 1 2 3 4 5 |  5.5
Fighting       | 4 5 6 |  6.8
Long Blades    | 3 4 6 8 9 11 | 11.6
Shields        | 4 |  4.6
Armour         | 4 |  4.6
Dodging        | |  0.1
Stealth        | |  0.2

Action                   |  1- 3 |  4- 6 |  7- 9 | 10-12 || total
-------------------------+-------+-------+-------+-------++-------
Melee: Long sword        |   130 |   137 |   554 |    32 ||   853
Throw: Dart              |     9 |    17 |    48 |       ||    74
  Use: Potion            |       |     3 |     2 |     1 ||     6
       Scroll            |       |     2 |    15 |     2 ||    19
Armor: Scale mail        |     6 |       |       |       ||     6
       Chain mail        |    61 |    72 |    23 |       ||   156
       Plate armour      |       |       |   227 |    11 ||   238
Dodge: Dodged            |    37 |    27 |    59 |     4 ||   127
Block: Kite shield       |    73 |    70 |   226 |    12 ||   381
       Rpst.: Long sword |    12 |    11 |    21 |     2 ||    46
